 Dungeon Crawl Stone Soup version 0.31-a0-836-g3ceb0a68c4 (webtiles) character file.

Game seed: 16255475192277760342

33908 heikuro the Blocker (level 14, -2/124 HPs)
             Began as a Formicid Fighter on Sept 22, 2023.
             Was a Plaything of Xom.
             Killed from afar by an ironbound frostheart (21 damage)
             ... by creeping frost
             ... in an ice cave on Sept 26, 2023.
             The game lasted 00:51:45 (11392 turns).

heikuro the Blocker (Formicid Fighter)             Turns: 11392, Time: 00:51:46

Health: -2/124     AC: 26    Str: 32    XL:     14   Next: 10%
Magic:  14/14      EV:  7    Int: 16    God:    Xom [.*....]
Gold:   784        SH:  0    Dex: 10    Spells: 13/13 levels left

rFire   + + .        a - +1 war axe
rCold   + . .        B - +0 tower shield {rC+ rF+}
rNeg    . . .        K - +0 plate armour
rPois   +            (helmet unavailable)
rElec   .            A - +0 cloak
rCorr   .            G - +2 pair of gloves "Liokoa" {Regen+ Str+2 Int+2 Dex-3}
SInv    +            Q - +0 pair of boots
Will    ++...        D - amulet of regeneration Stlth
                     (no ring)
HPRegen 2.00/turn    (no ring)
MPRegen 0.14/turn

%: no passive effects
@: confused, mighty, especially stealthy, ambrosia-drunk, frozen, very slow
A: permanent stasis, dig shafts and tunnels, antennae 3, four strong arms,
hooves 1, iridescent scales 2, agile 1, clever 2, fire resistance 1,
strong-willed 1, poison resistance, robust 1, shaggy fur 1, strong 2, wild magic
3, sturdy frame 1
a: Dig, Renounce Religion


You were in an ice cave.
You worshipped Xom.
You were a plaything of Xom.
You visited 2 branches of the dungeon, and saw 16 of its levels.
You also visited: Ice Cave.

You collected 1114 gold pieces.
You spent 330 gold pieces at shops.

Inventory:

Hand Weapons
 a - a +1 war axe (weapon)
 b - the +8 hand cannon of Charity {chaos, Dex+6}
   (Xom gifted it to you on level 6 of the Dungeon)

   Dex+6:     It affects your dexterity (+6).
 F - the +4 mace "Uzupp" {flame, rC++}
   (You found it on level 7 of the Dungeon)

   rC++:      It greatly protects you from cold.
 N - a +4 scimitar of flaming
Missiles
 r - 24 poisoned darts
 R - a curare-tipped dart
Armour
 A - a +0 cloak (worn)
 B - a +0 tower shield of resistance (worn)
 G - the +2 pair of gloves "Liokoa" (worn) {Regen+ Str+2 Int+2 Dex-3}
   (You bought it in a shop on level 7 of the Dungeon)

   Str+2:     It affects your strength (+2).
   Int+2:     It affects your intelligence (+2).
   Dex-3:     It affects your dexterity (-3).
   Regen+:    It increases your rate of health regeneration.
 K - a +0 plate armour (worn)
 Q - a +0 pair of boots (worn)
Jewellery
 c - a ring of fire
 D - an amulet of regeneration (around neck)
 E - an amulet of the acrobat
 H - an amulet of magic regeneration
Wands
 i - a wand of mindburst (6)
 u - a wand of flame (2)
 z - a wand of polymorph (13)
 L - a wand of quicksilver (12)
Scrolls
 e - 8 scrolls of identify
 g - a scroll of blinking {unknown}
 h - 4 scrolls of enchant weapon
 k - 4 scrolls of amnesia {unknown}
 n - 2 scrolls of poison {unknown}
 o - 2 scrolls of torment {unknown}
 p - 3 scrolls of vulnerability
 q - 3 scrolls of enchant armour {unknown}
 s - 3 scrolls of fog {unknown}
 t - 3 scrolls of immolation {unknown}
 v - a scroll of revelation {unknown}
 w - 3 scrolls of fear {unknown}
 x - a scroll of acquirement {unknown}
 y - 3 scrolls of noise {unknown}
Potions
 d - a potion of might
 j - 4 potions of curing
 l - 2 potions of enlightenment
 I - 3 potions of degeneration {unknown}
 J - a potion of attraction {unknown}
 M - a potion of resistance {unknown}
 O - a potion of berserk rage {unknown}
 P - a potion of cancellation {unknown}


   Skills:
 + Level 11.5 Fighting
 + Level 11.7 Axes
 + Level 9.2 Ranged Weapons
 + Level 11.5 Armour
 + Level 13.4 Shields
 - Level 6.0 Evocations


You had 13 spell levels left.
You didn't know any spells.
Your spell library contained the following spells:

 Spells                   Type           Power      Damage    Failure   Level
 Cigotuvi's Dreadful Rot  Necr/Pois/Air  0%         N/A       99%         2
 Animate Armour           Summ/Erth      0%         N/A       100%        4
 Dispel Undead            Necr           0%         3d6       100%        4
 Leda's Liquefaction      Hex/Erth       0%         N/A       100%        4
 Passage of Golubria      Tloc           0%         N/A       100%        4
 Summon Ice Beast         Ice/Summ       0%         N/A       100%        4
 Summon Lightning Spire   Summ/Air       0%         N/A       100%        4
 Lee's Rapid Deconstruct  Erth           0%         3d4*      100%        5
 Silence                  Hex/Air        0%         N/A       100%        5
 Summon Forest            Summ/Tloc      0%         N/A       100%        5
 Summon Mana Viper        Hex/Summ       0%         N/A       100%        5
 Bombard                  Conj/Erth      0%         9d1       100%        6
 Death Channel            Necr           0%         N/A       100%        6
 Eringya's Noxious Bog    Tmut/Pois      0%         4d6       100%        6
 Monstrous Menagerie      Summ           0%         N/A       100%        7
 Summon Hydra             Summ           0%         N/A       100%        7
 Lehudib's Crystal Spear  Conj/Erth      0%         10d2      100%        8


Dungeon Overview and Level Annotations

Branches:
Dungeon (15/15)            Temple (1/1) D:4            Lair (0/5) D:11
    Orc (0/2) D:11          IceCv (1/1)
 Vaults: D:13-14     Depths: D:15

Altars:
Ashenzari
Cheibriados
Dithmenos
Elyvilon
Fedhas
Gozag
Hepliaklqana
Kikubaaqudgha
Makhleb
Nemelex Xobeh
Okawaru
Qazlal
Ru
Sif Muna
Trog
Uskayaw
Vehumet
Wu Jian
Xom
Yredelemnul
Zin
The Shining One

Shops:
D:3 =   D:7 ??*[*   D:12 ?

Annotations:
D:9 1 runed translucent door, GreenGuy14's ghost, journeyman MiFi
D:10 1 runed translucent door


Innate Abilities, Weirdness & Mutations

You cannot be hasted, slowed, berserked, paralysed or teleported.
You can dig through walls and to a lower floor.
You have a pair of large antennae on your head. (SInv)
Your four strong arms can wield two-handed weapons with a shield.
You have large cloven feet.
You are mostly covered in iridescent scales. (AC +4)
You are agile. (Dex +4, Str/Int -1)
Your mind is very acute. (Int +8, Str/Dex -2)
Your flesh is heat resistant. (rF+)
You are strong-willed. (Will+)
Your system is resistant to poisons. (rPois)
You are robust. (+10% HP)
You are covered in fur. (AC +1)
Your muscles are very strong. (Str +8, Int/Dex -2)
Your spells are much harder to cast, but much more powerful.
Your movements are slightly less encumbered by armour. (ER -2)


Message History

You barely miss the green ugly thing.
The green ugly thing is almost dead.
You barely miss the ironbound frostheart.
The ironbound frostheart completely misses you.
The green ugly thing tentacle-slaps you.
* * * LOW HITPOINT WARNING * * *
You are poisoned.
The green ugly thing poisons you!
You slash the green ugly thing!
You kill the green ugly thing!
You closely miss the ironbound frostheart.
You feel extremely sick.
The ironbound frostheart calls freezing cold from the walls.
The frost grips you! You resist.
* * * LOW HITPOINT WARNING * * *
You are encased in ice.
You feel better.
The ironbound frostheart calls freezing cold from the walls.
The frost grips you. You resist.
* * * LOW HITPOINT WARNING * * *
You slash the ironbound frostheart!
The ironbound frostheart is moderately wounded.
The ironbound frostheart touches you.
* * * LOW HITPOINT WARNING * * *
The ironbound frostheart freezes you! You resist.
* * * LOW HITPOINT WARNING * * *
Unknown command.
You closely miss the ironbound frostheart.
The ironbound frostheart is moderately wounded.
The ice encasing you melts away.
The ironbound frostheart calls freezing cold from the walls.
The frost grips you! You resist.
* * * LOW HITPOINT WARNING * * *
You are encased in ice.
You are confused.
You feel invigorated.
The ironbound frostheart calls freezing cold from the walls.
The frost grips you!! You resist.
You die...
Xom chortles!

..# { ..#
#..## #####
...# #∩#.##
..##
#.._.###..#
#_.....#..#
##∩_.†.p..#
#####@..##
#####


You could see an ironbound frostheart.

Vanquished Creatures
  An ice dragon (D:10)
  An ogre mage (D:15)
  2 centaur warriors (D:14)
  An ironbound frostheart (IceCv)
  Erica (D:10)
  6 two-headed ogres
  2 boulder beetles
  A tengu warrior (D:14)
  3 oklob plants (D:11)
  5 ugly things
  A salamander (shapeshifter) (D:13)
  4 cyclopes
  3 manticores
  3 gargoyles
  3 kobold demonologists
  2 rime drakes (IceCv)
  An unseen horror (D:10)
  2 efreet
  4 freezing wraiths
  A queen bee (shapeshifter) (D:13)
  A polar bear (IceCv)
  3 meliai (D:14)
  A troll (D:13)
  A slime creature (D:11)
  A shadow (D:8)
  A wraith (D:11)
  4 humans (D:14)
  18 yaks
  A hog (D:10)
  A wyvern (D:11)
  5 vampire mosquitoes
  Edmund (D:4)
  An acid dragon (D:11)
  3 water moccasins
  3 orc warriors
  3 sky beasts
  2 ice beasts
  5 boggarts (D:15)
  2 wolves (D:8)
  6 centaurs
  2 phantoms (D:6)
  2 kobold brigands
  5 bullfrogs
  2 gnoll sergeants
  4 scorpions
  3 wights (D:8)
  13 killer bees
  2 howler monkeys
  8 hounds
  A jelly (D:6)
  4 orc priests
  Crazy Yiuf (D:7)
  A gnoll bouda (D:6)
  A sleepcap (D:6)
  4 iguanas
  8 orc wizards
  11 gnolls
  7 adders
  3 shadow imps
  A white imp (D:7)
  An ufetubus (D:6)
  2 worms
  3 dart slugs
  29 orcs
  9 ball pythons
  10 endoplasms
  3 giant cockroaches
  9 hobgoblins
  2 quokkas
  3 bats (D:1)
  3 frilled lizards
  5 goblins
  13 kobolds
  2 rats (D:1)
287 creatures vanquished.

Vanquished Creatures (collateral kills)
  A hydra (D:11)
  A two-headed ogre (D:11)
  2 cyclopes
  2 kobold demonologists (D:12)
  Sigmund (D:3)
  A wraith (D:12)
  4 yaks
  Grum (D:8)
  An ogre (D:5)
  2 wolves (D:8)
  3 centaurs (D:11)
  A kobold brigand (D:12)
  A bullfrog (D:8)
  A wight (D:8)
  A killer bee (D:8)
  2 orc priests (D:11)
  An iguana (D:5)
  3 orcs (D:11)
  A ball python (D:3)
  A kobold (D:12)
31 creatures vanquished.

Vanquished Creatures (others)
  An unseen horror (D:11)
  A black bear (D:5)
  2 centaurs (D:11)
  A phantom (D:5)
  An orc priest (D:11)
  An orc wizard (D:11)
7 creatures vanquished.

Grand Total: 325 creatures vanquished

Notes
Turn   | Place    | Note
-------+----------+-------------------------------------------
     0 | D:1      | heikuro the Formicid Fighter began the quest for the Orb.
     0 | D:1      | Reached XP level 1. HP: 18/18 MP: 1/1
    63 | D:1      | Reached XP level 2. HP: 21/24 MP: 2/2
   427 | D:1      | Reached XP level 3. HP: 29/29 MP: 3/3
   707 | D:1      | Found a faded altar of an unknown god.
   714 | D:1      | Prayed at the altar of an unknown god.
   714 | D:1      | Became a worshipper of Xom of Chaos
   761 | D:2      | XOM: divination: magic mapping
   839 | D:2      | XOM: chaos upgrade
  1083 | D:2      | Reached XP level 4. HP: 33/37 MP: 4/4
  1156 | D:3      | XOM: smoke on damage
  1195 | D:3      | Found an ornate altar of the Wu Jian Council.
  1285 | D:3      | Noticed Sigmund
  1291 | D:3      | XOM: enchant monster (good)
  1302 | D:3      | XOM: summons friendly iron imp
  1306 | D:3      | Killed Sigmund
  1307 | D:3      | Reached skill level 5 in Shields
  1307 | D:3      | Reached XP level 5. HP: 20/43 MP: 5/5
  1307 | D:3      | Reached XP level 6. HP: 23/49 MP: 6/6
  1382 | D:3      | XOM: polymorph iron imp -> shadow imp
  1411 | D:3      | XOM: polymorph shadow imp -> white imp
  1543 | D:3      | Found Xocrenei's Jewellery Shoppe.
  1613 | D:3      | XOM: polymorph rat -> gnoll
  2111 | D:4      | Found a white marble altar of Elyvilon.
  2209 | D:4      | XOM: give mutations
  2209 | D:4      | Gained mutation: You passively dampen the noise of your
                  | surroundings. [Xom's grace]
  2209 | D:4      | Gained mutation: You are robust. (+10% HP) [Xom's grace]
  2209 | D:4      | Gained mutation: Your mind is acute. (Int +4, Str/Dex -1)
                  | [Xom's grace]
  2269 | D:4      | Found a staircase to the Ecumenical Temple.
  2271 | D:4      | XOM: god gift: 2 stones
  2279 | D:4      | Reached XP level 7. HP: 58/60 MP: 7/7
  2289 | Temple   | Entered the Ecumenical Temple
  2337 | D:4      | Found a shimmering altar of Xom.
  2337 | D:4      | Found a shimmering altar of Xom.
  2337 | D:4      | Found a shimmering altar of Xom.
  2340 | D:4      | Found a shimmering altar of Xom.
  2343 | D:4      | Found a shimmering altar of Xom.
  2343 | D:4      | Found a shimmering altar of Xom.
  2404 | D:4      | Found a sacrificial altar of Ru.
  2477 | D:4      | Noticed Edmund
  2478 | D:4      | XOM: summons friendly ufetubus
  2488 | D:4      | Killed Edmund
  2489 | D:4      | Reached skill level 1 in Evocations
  2577 | D:4      | XOM: noise
  2956 | D:4      | Reached skill level 5 in Axes
  2956 | D:4      | Reached skill level 5 in Armour
  3235 | D:5      | Entered Level 5 of the Dungeon
  3270 | D:5      | Reached skill level 5 in Fighting
  3270 | D:5      | Reached skill level 6 in Shields
  3277 | D:5      | XOM: give mutations
  3277 | D:5      | Gained mutation: Your spells are a little harder to cast,
                  | but a little more powerful. [Xom's grace]
  3277 | D:5      | Gained mutation: You are agile. (Dex +4, Str/Int -1) [Xom's
                  | grace]
  3333 | D:5      | XOM: summons 7 friendly demons
  3335 | D:5      | Reached XP level 8. HP: 37/68 MP: 8/8
  3501 | D:5      | XOM: god gift: 62 gold pieces
  3565 | D:5      | XOM: smoke on damage
  3681 | D:5      | XOM: divine lightning
  3716 | D:5      | XOM is BORED!
  3717 | D:5      | Found a shadowy altar of Dithmenos.
  4012 | D:5      | XOM: god gift: wand of mindburst (6)
  4040 | D:5      | Found a broken altar of Ashenzari.
  4144 | D:5      | XOM: scenery: create altars
  4187 | D:5      | XOM: god gift: scroll labelled SOPIJO XUNGU {god gift}
  4227 | D:6      | Found an ancient bone altar of Kikubaaqudgha.
  4232 | D:6      | XOM: fog
  4300 | D:6      | XOM: give mutations
  4300 | D:6      | Gained mutation: Your movements are slightly less
                  | encumbered by armour. (ER -2) [Xom's grace]
  4300 | D:6      | Gained mutation: Your muscles are strong. (Str +4, Int/Dex
                  | -1) [Xom's grace]
  4300 | D:6      | Gained mutation: You are partially covered in large bone
                  | plates. (SH +4) [Xom's grace]
  4300 | D:6      | Gained mutation: You have hidden genetic potential. [Xom's
                  | grace]
  4355 | D:6      | XOM: polymorph ogre -> scorpion
  4390 | D:6      | Identified the +8 hand cannon of Charity {antimagic, Dex+6}
                  | (Xom gifted it to you on level 6 of the Dungeon)
  4390 | D:6      | XOM: god gift: +8 hand cannon of Charity {chaos, Dex+6}
  4458 | D:6      | Identified the +4 spear of Urgency {freeze, rCorr Dex+2}
  4481 | D:6      | XOM: cloud trail
  4556 | D:6      | Noticed a yak
  4559 | D:6      | Killed a yak
  4560 | D:6      | Reached skill level 1 in Ranged Weapons
  4560 | D:6      | Reached skill level 7 in Shields
  4560 | D:6      | Reached XP level 9. HP: 75/75 MP: 9/9
  4852 | D:6      | XOM: cloud trail
  4855 | D:6      | XOM: give mutations
  4855 | D:6      | Gained mutation: You are very robust. (+20% HP) [Xom's
                  | grace]
  4855 | D:6      | Gained mutation: You have great hidden genetic potential.
                  | [Xom's grace]
  4855 | D:6      | Gained mutation: You are strong-willed. (Will+) [Xom's
                  | grace]
  4861 | D:6      | XOM: divination: magic mapping
  4910 | D:6      | Found a basalt altar of Yredelemnul.
  5006 | D:6      | XOM: god gift: +0 tower shield of resistance
  5188 | D:6      | Gained mutation: Your flesh is heat resistant. (rF+)
                  | [hidden potential]
  5374 | D:6      | XOM: god gift: robe {god gift}
  5400 | D:6      | XOM: god gift: 37 gold pieces
  5890 | D:7      | XOM: cleaving
  5912 | D:7      | XOM: polymorph sky beast -> centaur
  5979 | D:7      | Found Houpto Bujek's Magic Scroll Shoppe.
  5981 | D:7      | XOM: give mutation
  5981 | D:7      | Gained mutation: Your spells are harder to cast, but more
                  | powerful. [Xom's grace]
  6028 | D:7      | Identified the +4 mace "Uzupp" {flame, rC++}
  6083 | D:7      | Found Ullougucw's General Store.
  6128 | D:7      | Found Kaoch's CLEARANCE SALE!.
  6131 | D:7      | Found Ushroq's Armour Shoppe.
  6220 | D:7      | Bought the +2 pair of gloves "Liokoa" {Regen+ Str+2 Int+2
                  | Dex-3} for 330 gold pieces
  6362 | D:7      | Reached XP level 10. HP: 92/92 MP: 10/10
  6427 | D:7      | XOM: scenery: create altars
  6449 | D:7      | Found Fexunit's Magic Scroll Emporium.
  6452 | D:7      | XOM: give mutation
  6452 | D:7      | Gained mutation: You have large cloven feet. [Xom's grace]
  6671 | D:7      | Found a runed translucent door.
  6672 | D:7      | Noticed Crazy Yiuf
  6677 | D:7      | Killed Crazy Yiuf
  6678 | D:7      | Reached skill level 8 in Shields
  6773 | D:8      | Noticed Grum
  6796 | D:8      | Killed Grum
  6799 | D:8      | Upgraded the game from 0.31-a0-818-ge7c7cf74f0 to
                  | 0.31-a0-833-gc15d34cb79
  6803 | D:8      | Reached skill level 5 in Evocations
  6809 | D:8      | Gained mutation: Your muscles are very strong. (Str +8,
                  | Int/Dex -2) [hidden potential]
  6809 | D:8      | Lost mutation: You have great hidden genetic potential.
                  | [hidden potential expressed]
  6943 | D:8      | XOM: scenery: create altars
  6960 | D:8      | Noticed a gargoyle
  6963 | D:8      | Killed a gargoyle
  7038 | D:8      | XOM: potion effect (brilliance)
  7136 | D:8      | Reached skill level 9 in Shields
  7247 | D:9      | XOM: scenery: create altars
  7249 | D:9      | Reached XP level 11. HP: 84/102 MP: 11/11
  7260 | D:9      | Found a runed translucent door.
  7449 | D:9      | XOM: god gift: scroll labelled YTUCSO ONOUVUD {god gift}
  7541 | D:9      | Reached skill level 5 in Ranged Weapons
  7712 | D:9      | Found a sparkling altar of Nemelex Xobeh.
  7754 | D:9      | Noticed GreenGuy14's ghost (journeyman MiFi)
  7974 | D:10     | Entered Level 10 of the Dungeon
  8138 | D:10     | Found a runed translucent door.
  8139 | D:10     | Noticed an eight-headed hydra
  8139 | D:10     | Noticed a tengu warrior
  8143 | D:10     | Gained mutation: Your system is resistant to poisons.
                  | (rPois) [hidden potential]
  8297 | D:10     | Noticed a two-headed ogre
  8304 | D:10     | Killed a two-headed ogre
  8325 | D:10     | Noticed Erica
  8336 | D:10     | Killed Erica
  8429 | D:10     | Reached skill level 10 in Shields
  8850 | D:10     | XOM: give mutations
  8850 | D:10     | Gained mutation: You are partially covered in iridescent
                  | scales. (AC +2) [Xom's grace]
  8850 | D:10     | Gained mutation: Your mind is very acute. (Int +8, Str/Dex
                  | -2) [Xom's grace]
  8872 | D:10     | Noticed a deep elf zephyrmancer
  8918 | D:11     | Found a staircase to the Orcish Mines.
  8947 | D:10     | XOM: scenery: create altars
  8973 | D:10     | XOM: polymorph yak -> hog
  9032 | D:11     | XOM: summons friendly ice devil
  9065 | D:11     | Noticed an eight-headed hydra
  9070 | D:11     | Killed an eight-headed hydra
  9159 | D:11     | Found a glowing golden altar of the Shining One.
  9207 | D:11     | XOM: destruction
  9211 | D:10     | XOM: scenery: create altars
  9222 | D:11     | Noticed a cyclops
  9248 | D:11     | XOM: summons 10 friendly demons
  9249 | D:11     | Noticed a two-headed ogre
  9253 | D:11     | Killed a cyclops
  9254 | D:11     | Reached XP level 12. HP: 114/114 MP: 12/12
  9254 | D:11     | Killed a two-headed ogre
  9277 | D:11     | XOM: cleaving
  9333 | D:11     | Found a staircase to the Lair.
  9345 | D:11     | Gained mutation: You are covered in fur. (AC +1) [hidden
                  | potential]
  9345 | D:11     | Lost mutation: You have hidden genetic potential. [hidden
                  | potential expressed]
  9380 | D:11     | Noticed a boulder beetle
  9381 | D:11     | Noticed a two-headed ogre
  9383 | D:11     | a boulder beetle changed into an ice dragon
  9383 | D:11     | Noticed an ice dragon
  9383 | D:11     | XOM: polymorph boulder beetle -> ice dragon
  9393 | D:11     | XOM: summons friendly shadow imp
  9417 | D:10     | XOM: enchant monster (good)
  9431 | D:10     | Killed an ice dragon
  9432 | D:10     | Reached skill level 10 in Axes
  9432 | D:10     | Reached skill level 11 in Shields
  9578 | D:11     | Killed a two-headed ogre
  9742 | D:11     | XOM: potion effect (invisibility)
  9887 | D:12     | Upgraded the game from 0.31-a0-833-gc15d34cb79 to
                  | 0.31-a0-836-g3ceb0a68c4
  9986 | D:12     | XOM: god gift: 20 gold pieces
 10026 | D:12     | XOM: give mutations
 10026 | D:12     | Lost mutation: You passively dampen the noise of your
                  | surroundings. [Xom's mischief]
 10026 | D:12     | Lost mutation: You are partially covered in iridescent
                  | scales. (AC +2) [Xom's mischief]
 10026 | D:12     | Lost mutation: You are partially covered in large bone
                  | plates. (SH +4) [Xom's mischief]
 10026 | D:12     | Lost mutation: You are very robust. (+20% HP) [Xom's
                  | mischief]
 10031 | D:12     | XOM: cast spell 'Summon Dragon'
 10050 | D:12     | XOM: stat loss: -1 Int (15/16)
 10058 | D:12     | Reached skill level 10 in Fighting
 10058 | D:12     | Reached skill level 10 in Armour
 10081 | D:12     | Found Pitha's Magic Scroll Shop.
 10182 | D:12     | XOM: chaos cloud
 10243 | D:12     | Reached XP level 13. HP: 113/113 MP: 13/13
 10332 | D:12     | Reached skill level 12 in Shields
 10440 | D:12     | XOM: give mutations
 10440 | D:12     | Lost mutation: You are strong-willed. (Will+) [Xom's
                  | mischief]
 10440 | D:12     | Lost mutation: You are robust. (+10% HP) [Xom's mischief]
 10534 | D:12     | XOM: give mutations
 10534 | D:12     | Gained mutation: You are strong-willed. (Will+) [Xom's
                  | grace]
 10534 | D:12     | Gained mutation: Your spells are much harder to cast, but
                  | much more powerful. [Xom's grace]
 10534 | D:12     | Gained mutation: You are partially covered in iridescent
                  | scales. (AC +2) [Xom's grace]
 10837 | D:13     | Noticed Erolcha
 10841 | D:13     | Erolcha changed into Erolcha the shapeshifter
 10931 | D:13     | Noticed a tengu reaver
 10933 | D:13     | Noticed a centaur warrior
 10935 | D:13     | You fall into a shaft and drop 2 floors!
 10935 | D:15     | Entered Level 15 of the Dungeon
 10968 | D:15     | XOM: give mutations
 10968 | D:15     | Gained mutation: You are mostly covered in iridescent
                  | scales. (AC +4) [Xom's grace]
 10968 | D:15     | Gained mutation: You are robust. (+10% HP) [Xom's grace]
 10974 | D:15     | XOM: divination: magic mapping
 10978 | D:15     | Noticed an ogre mage
 11015 | D:15     | Killed an ogre mage
 11020 | D:15     | XOM: scenery: 2 doors open
 11031 | D:15     | XOM: cleaving
 11047 | D:15     | XOM: scenery: 1 doors close
 11048 | D:15     | Noticed an ogre mage
 11048 | D:15     | XOM: confuse monster(s)
 11141 | D:14     | XOM: smoke on damage
 11156 | D:14     | XOM: smoke on damage
 11160 | D:14     | Reached skill level 13 in Shields
 11215 | D:14     | Noticed a centaur warrior
 11226 | D:14     | Killed a centaur warrior
 11246 | D:14     | Noticed a centaur warrior
 11250 | D:14     | Killed a centaur warrior
 11251 | D:14     | XOM: confuse monster(s)
 11252 | D:14     | XOM: summons friendly iron imp
 11287 | D:14     | XOM: cleaving
 11293 | D:14     | XOM: swap monsters
 11298 | D:14     | XOM: enchant monster (bad)
 11334 | D:14     | Found a frozen archway.
 11340 | IceCv    | XOM: stealth player
 11340 | IceCv    | Entered an ice cave
 11354 | IceCv    | Reached XP level 14. HP: 123/124 MP: 14/14
 11355 | IceCv    | XOM: destruction
 11367 | IceCv    | XOM: cast spell 'Cause Fear'
 11380 | IceCv    | XOM: scenery: create altars
 11383 | IceCv    | XOM: blink monster(s)
 11392 | IceCv    | Killed from afar by an ironbound frostheart

Illustrated notes

Levels and vault maps discovered:
D:1:      psy_arrival_basics, layout_basic,
          dreamdust_ecumenical_altar_hidden_monk_grotto
D:2:      layout_rooms
D:3:      cheibrodos_thug_alley, layout_rooms, pdpol_wu_jian_five_deadly_venoms,
          serial_shops, nicolae_shop_hallway_stairs, minmay_misc_feat_roman,
          uniq_sigmund
D:4:      layout_loops_corners, nicolae_ru_awakened_eye, elyvilon_altar_4,
          xom_redecorated, minmay_temple_entry_slanted, uniq_edmund
D:5:      layout_loops_ring, ashenzari_altar_1, grunt_dithmenos_shadows
D:6:      minmay_thinvault, layout_loops_corners, kiku_gazebo_garden_becter,
          mainiacjoe_overflow_brackets
D:7:      layout_loops_ring, serial_shops, shop,
          nicolae_shop_pleasant_corner_grove, nicolae_inconvenience_store, shop,
          nicolae_shop_clearance, uniq_crazy_yiuf_cottage
D:8:      layout_rooms, uniq_grum
D:9:      layout_small_grid, nemelex_diamond_rough_becter,
          ebering_ghost_reflecting_pool
D:10:     layout_cave_pods, wad_hexagon, uniq_erica
D:11:     minmay_recursive_quarters, layout_rooms, dpeg_oklobed_lair,
          minmay_orc_entry_temple_small, tso_altar
D:12:     layout_gridville, serial_shops, kennysheep_mini_moat
D:13:     layout_rooms, hellmonk_guarded_unrand_sphere_of_battle, uniq_erolcha
D:14:     minmay_shrinking_squares, layout_loops_ring,
          grunt_vaults_entry_tiered, portal_ice_cave_entry_horrid_things
D:15:     hellmonk_depths_entry_around_the_bend, layout_stronghold,
          minmay_misc_feat_iff, uniq_jorgrun
Temple:   oiseaux_autumnal_temple
IceCv:    ice_cave_caverns_03

Skill      XL: |  1  2  3  4  5  6  7  8  9 10 11 12 13 |
---------------+----------------------------------------+-----
Axes           | 3 4 5 6 7 8 9 10 11 | 11.7
Fighting       | 4 5 6 7 9 10 11 | 11.5
Armour         | 4 5 6 7 9 10 11 | 11.5
Shields        | 5 6 7 9 10 11 13 | 13.4
Evocations     | 1 3 4 5 6 |  6.0
Ranged Weapons | 1 2 4 6 7 9 |  9.2

Action                     |  1- 3 |  4- 6 |  7- 9 | 10-12 | 13-15 || total
---------------------------+-------+-------+-------+-------+-------++-------
  Melee: War axe           |    81 |    80 |   197 |   156 |   109 ||   623
         Kick              |       |       |       |    40 |       ||    40
   Fire: Hand cannon       |       |       |    81 |   215 |   137 ||   433
Ability: Dig               |       |       |       |       |     1 ||     1
         Shaft Self        |       |       |       |       |     1 ||     1
    Use: Scroll            |       |       |     5 |       |     2 ||     7
         Potion            |       |       |     1 |       |     9 ||    10
   Stab: Petrified         |       |       |       |     8 |       ||     8
         Confused          |       |       |       |       |     1 ||     1
 Armour: Scale mail        |    24 |       |       |       |       ||    24
         Chain mail        |    33 |    57 |   192 |   106 |       ||   388
         Plate armour      |       |       |       |   149 |   231 ||   380
  Dodge: Dodged            |    49 |    23 |    59 |    73 |    71 ||   275
  Block: Buckler           |    19 |    24 |       |       |       ||    43
         Kite shield       |       |       |   116 |       |       ||   116
         Tower shield      |       |       |    86 |   404 |   268 ||   758

Table legend: (Time is in decaauts)
 A = Elapsed time spent in this place.
 B = Non-inter-level travel time spent in this place.
 C = Inter-level travel time spent in this place.
 D = Time resting spent in this place.
 E = Time spent auto-exploring this place.
 F = Levels seen in this place.
 G = Mean time per level.
                   A        B        C        D        E       F      G
               +--------+--------+--------+--------+--------+-----+--------+
         Total |  11961 |  11318 |    643 |    310 |   7465 |  17 |  703.6 |
       Dungeon |  11901 |  11258 |    643 |    310 |   7465 |  15 |  793.4 |
        Temple |      1 |      1 |      0 |      0 |      0 |   1 |    1.0 |
      Ice Cave |     58 |     58 |      0 |      0 |      0 |   1 |   58.0 |
               +--------+--------+--------+--------+--------+-----+--------+

Top non-repeatable levels by time:
     D:6: 1661 daAuts
     D:4: 1218 daAuts
    D:10: 1183 daAuts
     D:5: 1019 daAuts
     D:7: 967 daAuts
     D:3: 945 daAuts
    D:11: 864 daAuts
     D:9: 791 daAuts
     D:1: 769 daAuts
    D:12: 764 daAuts
     D:8: 522 daAuts
     D:2: 389 daAuts
    D:13: 333 daAuts
    D:14: 306 daAuts
    D:15: 165 daAuts
